 Dungeon Crawl Stone Soup version 0.30-a0-629-gd54f4be4f7 (webtiles) character file.

Game seed: 9786326713154257607

427 Mitcholas the Shooter (level 6, -2/36 HPs)
             Began as a Deep Elf Hunter on Jan 12, 2023.
             Slain by a scorpion (3 damage)
             ... on level 4 of the Dungeon.
             The game lasted 00:05:11 (2534 turns).

Mitcholas the Shooter (Deep Elf Hunter)             Turns: 2534, Time: 00:05:11

Health: -2/36      AC:  5    Str:  8    XL:     6   Next: 65%
Magic:  17/17      EV: 13    Int: 14    God:
Gold:   157        SH:  0    Dex: 20    Spells: 5/5 levels left

rFire   . . .      SeeInvis .    a - +0 shortbow
rCold   . . .      Faith    .    (shield currently unavailable)
rNeg    . . .      Spirit   .    c - +0 leather armour
rPois   .          Reflect  .    i - +0 helmet
rElec   .          Harm     .    (no cloak)
rCorr   .          Rampage  .    s - +0 pair of gloves
Will    .....                    (no boots)
Stlth   +++                      (no amulet)
HPRegen 0.26/turn                p - ring of magical power
MPRegen 0.15/turn                (no ring)

@: lethally poisoned (-2 -> -15)
A: no striking features
a: no special abilities


You were on level 4 of the Dungeon.
You visited 1 branch of the dungeon, and saw 4 of its levels.

You collected 157 gold pieces.

Inventory:

Hand Weapons
 a - a +0 shortbow (weapon)
Armour
 c - a +0 leather armour (worn)
 i - a +0 helmet (worn)
 s - a +0 pair of gloves (worn)
Jewellery
 p - a ring of magical power (left hand)
Scrolls
 b - 3 scrolls of immolation
 g - 4 scrolls of identify {unknown}
 h - 2 scrolls of fog {unknown}
 l - a scroll of brand weapon {unknown}
 r - a scroll of noise {unknown}
 t - a scroll of fear {unknown}
Potions
 d - a potion of cancellation {unknown}
 e - 2 potions of might {unknown}
 f - a potion of invisibility {unknown}
 j - a potion of degeneration {unknown}
 k - 2 potions of heal wounds {unknown}
 m - a potion of attraction {unknown}
 n - a potion of curing {unknown}
 o - a potion of brilliance {unknown}
 q - a potion of haste {unknown}


   Skills:
 + Level 2.8 Fighting
 * Level 7.5 Ranged Weapons
 + Level 2.1 Armour
 + Level 4.0 Dodging
 + Level 3.6 Stealth


You had 5 spell levels left.
You didn't know any spells.
Your spell library contained the following spells:

 Spells                   Type           Power      Damage    Failure   Level
 Sting                    Tmut/Pois      0%         1d3       38%         1
 Blink                    Tloc           0%         N/A       52%         2
 Momentum Strike          Conj/Tloc      0%         3d8       52%         2
 Poisonous Vapours        Pois/Air       0%         N/A       52%         2
 Call Canine Familiar     Summ           0%         N/A       77%         3
 Lesser Beckoning         Tloc           0%         N/A       77%         3
 Portal Projectile        Hex/Tloc       0%         N/A       77%         3
 Leda's Liquefaction      Hex/Erth       0%         N/A       99%         4
 Olgreb's Toxic Radiance  Pois           0%         N/A       99%         4


Dungeon Overview and Level Annotations

Branches:
Dungeon (4/15)
 Temple: D:4-7

Altars:


Message History

You shoot an arrow. The arrow closely misses the scorpion.
You feel very sick. The scorpion barely misses you.
You shoot an arrow.
The arrow hits the scorpion but does no damage.
You feel sick. The scorpion closely misses you. The scorpion misses you.
You shoot an arrow.
The arrow hits the scorpion but does no damage.
You feel sick. The scorpion stings you.
You are more poisoned.
The scorpion poisons you!
You shoot an arrow. The arrow hits the scorpion.
The scorpion is lightly wounded.
You feel very sick. The scorpion stings you.
You are lethally poisoned!
The scorpion poisons you!
You are too injured to fight recklessly!
You are too injured to fight recklessly!
Fire: a) +0 shortbow
Press: ? - help, Q - select action Shift-Dir - straight line, f/p - scorpion
Aim: a scorpion (lightly wounded, 66% to hit)
You shoot an arrow. The arrow closely misses the scorpion.
* * * LOW HITPOINT WARNING * * *
You feel extremely sick.
The scorpion stings you but does no damage.
A gnoll comes into view. It is wielding a +0 flail.
The scorpion stings you.
* * * LOW HITPOINT WARNING * * *
The gnoll moves out of view.
Fire: a) +0 shortbow
Press: ? - help, Q - select action Shift-Dir - straight line, f/p - scorpion
Aim: a scorpion (lightly wounded, 66% to hit)
You shoot an arrow. The arrow hits the scorpion!
The scorpion is heavily wounded.
* * * LOW HITPOINT WARNING * * *
You feel very sick.
You hear a shout!
The scorpion stings you.
You die...

..... .. ##...
.......##.#....
#.......#......
......#.....##
#....#.#....##..
###.............# .
.#....)...[.# ## ..
.......s....##.###...
......$@.............
.........##.........#
....#.#.###..........
".. ###.. ##.<†......
. #.. #..........
...............
...............
#.#.............
#.....#.......


You could see a scorpion.

Vanquished Creatures
  Sigmund (D:3)
  A necrophage (D:4)
  2 hounds
  3 orc wizards (D:3)
  An adder (D:2)
  A dart slug (D:3)
  An orc (D:3)
  4 ball pythons
  5 endoplasms
  3 giant cockroaches
  8 goblins
  7 hobgoblins
  5 kobolds
  3 quokkas
  3 bats
  6 frilled lizards
  10 rats
64 creatures vanquished.

Notes
Turn   | Place    | Note
-------+----------+-------------------------------------------
     0 | D:1      | Mitcholas the Deep Elf Hunter began the quest for the Orb.
     0 | D:1      | Reached XP level 1. HP: 12/12 MP: 3/3
   307 | D:1      | Reached XP level 2. HP: 17/17 MP: 4/4
   945 | D:2      | Reached XP level 3. HP: 17/21 MP: 5/5
  1144 | D:2      | Reached skill level 6 in Ranged Weapons
  1787 | D:3      | Noticed Sigmund
  1831 | D:3      | Reached skill level 1 in Armour
  1843 | D:3      | Reached XP level 4. HP: 19/26 MP: 6/6
  1908 | D:4      | Noticed a scorpion
  2015 | D:3      | Killed Sigmund
  2016 | D:3      | Reached skill level 7 in Ranged Weapons
  2016 | D:3      | Reached XP level 5. HP: 21/31 MP: 7/7
  2016 | D:3      | Reached XP level 6. HP: 25/36 MP: 8/8
  2534 | D:4      | HP: 1/36 [poisoned by a scorpion]
  2534 | D:4      | Slain by a scorpion

Illustrated notes

Levels and vault maps discovered:
D:1:      scummos_arrival_checkerplants, layout_basic, minmay_misc_feat_columns,
          hex_intersection
D:2:      layout_loops_ring, serial_glass, glass_columns_a, glass_columns_a,
          minmay_strange_pillars, item_on_display_a
D:3:      layout_basic, uniq_sigmund
D:4:      layout_cave_pools, grunt_gozag_breadcrumbs

Skill      XL: |  1  2  3  4  5  6 |
---------------+-------------------+-----
Stealth        | 2 3 |  3.6
Ranged Weapons | 6 7 |  7.5
Fighting       | 2 |  2.8
Armour         | 1 2 |  2.1
Dodging        | 3 4 |  4.0

Action                   |  1- 3 |  4- 6 || total
-------------------------+-------+-------++-------
 Fire: Shortbow          |    97 |    85 ||   182
Armor: Leather armour    |     2 |    17 ||    19
Dodge: Dodged            |    11 |    31 ||    42

Table legend: (Time is in decaauts)
 A = Elapsed time spent in this place.
 B = Non-inter-level travel time spent in this place.
 C = Inter-level travel time spent in this place.
 D = Time resting spent in this place.
 E = Time spent auto-exploring this place.
 F = Levels seen in this place.
 G = Mean time per level.
                   A        B        C        D        E       F      G
               +--------+--------+--------+--------+--------+-----+--------+
         Total |   2576 |   2454 |    122 |     69 |   1976 |   4 |  644.0 |
       Dungeon |   2576 |   2454 |    122 |     69 |   1976 |   4 |  644.0 |
               +--------+--------+--------+--------+--------+-----+--------+

Top non-repeatable levels by time:
     D:1: 917 daAuts
     D:3: 895 daAuts
     D:2: 726 daAuts
     D:4: 37 daAuts
